 Dungeon Crawl Stone Soup version 0.27-a0-1545-g3eddc1d3d3 (webtiles) character file.

Game seed: 7532751091685312973

3817 Colgate the Slinger (level 9, 0/62 HPs)
             Began as a Grey Draconian Transmuter on July 13, 2021.
             Was an Elder of Hepliaklqana.
             Slain by Joseph (11 damage)
             ... on level 8 of the Dungeon.
             The game lasted 00:53:04 (8136 turns).

Colgate the Slinger (Grey Draconian Transmuter)     Turns: 8136, Time: 00:53:05

Health: 0/62       AC: 15    Str: 12    XL:     9   Next: 97%
Magic:  12/12      EV: 16    Int: 16    God:    Hepliaklqana [****..]
Gold:   401        SH:  0    Dex: 13    Spells: 9/12 levels left

rFire    . . .     SeeInvis .     - Unarmed
rCold    . . .     Faith    .   (no shield)
rNeg     + . .     Spirit   .   (armour unavailable)
rPois    .         Reflect  .   (helmet currently unavailable)
rElec    .         Harm     .   e - +1 cloak of Starlight {*Dazzle EV+4 Stlth--}
rCorr    .         Rampage  .   h - +0 pair of gloves
Will     .....                  (boots currently unavailable)
Stlth    ..........             (no amulet)
HPRegen  0.20/turn              s - ring of positive energy
MPRegen  0.13/turn              (no ring)

@: appendages (expiring)
A: horns 2, talons 2, reduced essence, AC +12, amphibious, unfitting armour,
cold-blooded
a: End Transformation, Renounce Religion, Recall Ancestor, Ancestor Identity,
Transference, Idealise


You were on level 8 of the Dungeon.
You worshipped Hepliaklqana.
Hepliaklqana was greatly pleased with you.
You had temporarily grown beastly horns and talons.
You visited 1 branch of the dungeon, and saw 8 of its levels.

You collected 401 gold pieces.

Inventory:

Hand Weapons
 a - a +0 hunting sling
Missiles
 d - 2 throwing nets (quivered)
 g - 217 stones
 m - a poisoned dart
 A - 23 sling bullets
Armour
 e - the +1 cloak of Starlight (worn) {*Dazzle EV+4 Stlth--}
   (You found it on level 4 of the Dungeon)

   EV:        It affects your evasion (+4).
   Stlth:     It makes you much less stealthy.
 h - a +0 pair of gloves (worn)
 o - a +0 hat (melded)
Magical Staves
 B - a staff of cold
Jewellery
 s - a ring of positive energy (left hand)
Wands
 x - a wand of polymorph (12)
Scrolls
 f - a scroll of blinking {unknown}
 n - 2 scrolls of enchant armour {unknown}
 p - a scroll of noise {unknown}
 q - a scroll of immolation
 r - a scroll of summoning {unknown}
 u - a scroll of brand weapon {unknown}
 y - a scroll of holy word
 z - a scroll of amnesia {unknown}
Potions
 b - 2 potions of lignification
 c - a potion of attraction {unknown}
 i - 5 potions of brilliance
 j - 3 potions of curing
 k - 2 potions of heal wounds
 l - a potion of flight
 t - 2 potions of cancellation
 v - a potion of haste
 w - a potion of magic {unknown}


   Skills:
 - Level 3.0 Fighting
 + Level 9.9 Slings
 - Level 1.7 Dodging
 - Level 9.0 Unarmed Combat
 - Level 2.0 Spellcasting
 - Level 2.0 Transmutations
 - Level 2.7 Evocations


You had 9 spell levels left.
You knew the following spells:

 Your Spells              Type           Power      Damage    Failure   Level
a - Beastly Appendage     Tmut           16%        N/A       9%          1
b - Wereblood             Tmut           8%         N/A       14%         2

Your spell library contained the following spells:

 Spells                   Type           Power      Damage    Failure   Level
 Freeze                   Ice            4%         1d3       21%         1
 Sandblast                Erth           2%         2d4       21%         1
 Passwall                 Tmut/Erth      3%         N/A       21%         2
 Spider Form              Tmut/Pois      2%         N/A       38%         3
 Frozen Ramparts          Ice            2%         1d2       52%         3
 Ice Form                 Ice/Tmut       4%         N/A       80%         4
 Hailstorm                Conj/Ice       1%         3d3       90%         4
 Passage of Golubria      Tloc           N/A        N/A       90%         4
 Summon Ice Beast         Ice/Summ       1%         N/A       90%         4
 Lee's Rapid Deconstruct  Erth           0%         3d5*      99%         5
 Silence                  Hex/Air        0%         N/A       99%         5
 Summon Mana Viper        Hex/Summ       1%         N/A       99%         5
 Monstrous Menagerie      Summ           0%         N/A       100%        7
 Lehudib's Crystal Spear  Conj/Erth      0%         10d2      100%        8


Dungeon Overview and Level Annotations

Branches:
Dungeon (8/15)             Temple (0/1) D:5
   Lair: D:8-11

Altars:
Elyvilon
Fedhas
Hepliaklqana
Ru
Wu Jian
The Shining One

Annotations:
D:6 3 runed translucent doors, Howlingfantods's ghost, amateur MiFi
D:8 Joseph


Innate Abilities, Weirdness & Mutations

You have temporarily grown beastly horns and talons.
Your life essence is reduced to manifest your ancestor. (-10% HP)
Your dull iron-grey scales are very hard. (AC +12)
You are amphibious.
You cannot fit into any form of body armour.
You are cold-blooded and may be slowed by cold attacks.


Message History

You grow a pair of large bovine horns.
Your feet morph into talons.
Your +0 hat melds into your body.
Joseph shoots a sling bullet.
The sling bullet hits you.
You are now empty-handed.
Joseph shoots a sling bullet.
The sling bullet misses you.
Joseph shoots a sling bullet.
The sling bullet hits you!
Joseph shoots a sling bullet.
The sling bullet misses you.
You hit Joseph but do no damage.
Joseph is lightly wounded.
Joseph unwields a +0 hunting sling.
Joseph wields a +0 quarterstaff.
Joseph hits you with a +0 quarterstaff.
You punch Joseph!
Joseph is moderately wounded.
Joseph hits you but does no damage.
You completely miss Joseph. You punch Joseph, but do no damage.
Joseph is moderately wounded.
Joseph misses you.
You closely miss Joseph. You headbutt Joseph, but do no damage.
Your tail-slap misses Joseph.
You punch Joseph.
Joseph is moderately wounded.
Your transformation is almost over.
You hit Joseph. You headbutt Joseph.
Joseph is moderately wounded.
Joseph hits you with a +0 quarterstaff!
* * * LOW HITPOINT WARNING * * *
You hit Joseph.
Your tail-slap misses Joseph.
Joseph is moderately wounded.
Joseph completely misses you.
You barely miss Joseph. You headbutt Joseph.
Joseph is heavily wounded.
Joseph hits you with a +0 quarterstaff.
* * * LOW HITPOINT WARNING * * *
You hit Joseph. You headbutt Joseph, but do no damage.
You tail-slap Joseph, but do no damage.
Joseph is heavily wounded.
Joseph hits you but does no damage.
You punch Joseph! Your kick misses Joseph. Your headbutt misses Joseph.
Joseph is severely wounded.
Joseph hits you with a +0 quarterstaff!
You die...

#.##.####..###ยง#.......
#...
#.......##.#.###..[....
####
....###.#..........(...
#...
#######.#....###..(....
#.## ........#.#..#
#.(..... ###.##
###.......#..###.......
#....#
......#####..#().# #
###.#### ......#
##>.)#.#.# #...# ......#
#.#..@@.# #.### ......#
#.##.##.(..# #.# ......#
..##.# .##.# #.# ......#
#####.# # # #.# ......#
... #.# ....... #.. #.#
#### #.# #.# #.#


You could see Joseph.

Vanquished Creatures
  A two-headed ogre (D:8)
  A gargoyle (D:6)
  Psyche (D:8)
  Sigmund (D:5)
  Menkaure (D:6)
  Edmund (D:6)
  A water moccasin (D:8)
  A sky beast (D:6)
  An orc warrior (D:7)
  2 ogres
  A black bear (D:6)
  A scorpion (D:7)
  2 howler monkeys
  A centaur zombie (D:7)
  A jelly (D:6)
  A bullfrog zombie (D:6)
  5 orc priests
  Crazy Yiuf (D:4)
  2 centaur skeletons
  An iguana (D:7)
  Ijyb (D:3)
  3 orc wizards
  A scorpion zombie (D:5)
  A hexer (D:7)
  Robin (D:2)
  2 adders
  3 gnolls
  A shadow imp (D:7)
  A white imp (D:5)
  An adder skeleton (D:4)
  A worm (D:2)
  3 dart slugs
  7 orcs
  5 endoplasms
  5 giant cockroaches
  12 goblins
  16 hobgoblins
  3 jackals (D:2)
  A kobold (D:3)
  3 ball pythons (D:1)
  3 frilled lizards
  5 rats
106 creatures vanquished.

Vanquished Creatures (collateral kills)
  A water moccasin (D:7)
  2 ice beasts (D:7)
  An ogre (D:5)
  A wyvern skeleton (D:6)
  5 killer bees (D:7)
  A bullfrog zombie (D:7)
  3 hounds
  An orc priest (D:5)
  An iguana (D:6)
  An orc wizard (D:8)
  A hound skeleton (D:4)
  3 gnolls
  An adder (D:5)
  A shadow imp (D:4)
  An ufetubus (D:7)
  An orc (D:4)
  An endoplasm (D:3)
  4 goblins
  2 jackals (D:2)
  A ball python (D:4)
  A frilled lizard (D:3)
  A kobold (D:2)
35 creatures vanquished.

Vanquished Creatures (others)
  An orc wizard (D:4)
  6 hexers
7 creatures vanquished.

Grand Total: 148 creatures vanquished

Notes
Turn   | Place    | Note
-------+----------+-------------------------------------------
     0 | D:1      | Colgate the Draconian Transmuter began the quest for the
                  | Orb.
     0 | D:1      | Reached XP level 1. HP: 16/16 MP: 3/3
   260 | D:1      | Reached XP level 2. HP: 23/23 MP: 3/5
   310 | D:1      | Learned a level 2 spell: Wereblood
   443 | D:1      | Found a faded altar of an unknown god.
   462 | D:1      | Became a worshipper of Hepliaklqana the Forgotten
   462 | D:1      | Reached * piety under Hepliaklqana
  1094 | D:2      | Reached ** piety under Hepliaklqana
  1095 | D:2      | Remembered your ancestor Wilfreda as a hexer
  1256 | D:2      | Found a blossoming altar of Fedhas.
  1276 | D:2      | Noticed Robin
  1284 | D:2      | Reached XP level 3. HP: 25/25 MP: 0/6
  1291 | D:2      | Killed Robin
  1389 | D:2      | Reached skill level 5 in Unarmed Combat
  1389 | D:2      | Reached XP level 4. HP: 29/31 MP: 4/7
  2536 | D:3      | Reached *** piety under Hepliaklqana
  2622 | D:3      | Noticed Ijyb
  2644 | D:3      | Killed Ijyb
  2645 | D:3      | Reached XP level 5. HP: 16/36 MP: 5/8
  3128 | D:4      | Reached skill level 1 in Slings
  3283 | D:4      | Found the +1 cloak of Starlight {*Dazzle EV+4 Stlth--}
  3406 | D:4      | Found a runed translucent door.
  3407 | D:4      | Noticed Crazy Yiuf
  3521 | D:4      | Reached XP level 6. HP: 42/42 MP: 9/9
  4175 | D:4      | Killed Crazy Yiuf
  4429 | D:5      | Entered Level 5 of the Dungeon
  4684 | D:5      | Your scales start taking on a dull iron-grey colour.
  4684 | D:5      | Reached XP level 7. HP: 46/46 MP: 8/10
  4701 | D:5      | Found a staircase to the Ecumenical Temple.
  4850 | D:5      | Noticed Sigmund
  4861 | D:5      | Killed Sigmund
  5728 | D:6      | Reached XP level 8. HP: 53/53 MP: 8/11
  5767 | D:6      | Found a runed translucent gate.
  5767 | D:6      | Noticed Menkaure
  5779 | D:6      | Killed Menkaure
  5780 | D:6      | Found a runed translucent gate.
  5780 | D:6      | Found a runed translucent gate.
  5788 | D:6      | Noticed Howlingfantods's ghost (amateur MiFi)
  5949 | D:6      | Noticed Edmund
  5965 | D:6      | Killed Edmund
  6143 | D:6      | Reached skill level 5 in Slings
  6225 | D:6      | Noticed a gargoyle
  6230 | D:6      | Killed a gargoyle
  6697 | D:7      | Found a white marble altar of Elyvilon.
  6700 | D:7      | Found a glowing golden altar of the Shining One.
  6702 | D:7      | Found a sacrificial altar of Ru.
  6717 | D:7      | Reached **** piety under Hepliaklqana
  6791 | D:7      | Reached XP level 9. HP: 57/57 MP: 12/12
  7947 | D:8      | Noticed a two-headed ogre
  7963 | D:8      | Killed a two-headed ogre
  7973 | D:8      | Noticed Psyche
  7987 | D:8      | Killed Psyche
  8024 | D:8      | Found an ornate altar of the Wu Jian Council.
  8110 | D:8      | Noticed Joseph
  8136 | D:8      | Slain by Joseph

Illustrated notes

Levels and vault maps discovered:
D:1:      wheals_arrival_linesprint, layout_basic,
          shapermc_ecumenical_altar_starsandcircs, minmay_surrounded
D:2:      layout_basic, basic_altar, uniq_robin
D:3:      cheibrodos_greedy_goblins, layout_loops_corners, uniq_ijyb
D:4:      layout_cave_pods, uniq_crazy_yiuf_cottage
D:5:      layout_loops_corners, temple_pool_b, uniq_sigmund
D:6:      layout_basic, gammafunk_ghost_split, uniq_edmund, uniq_menkaure
D:7:      layout_loops_ring, grunt_temple_overflow_open
D:8:      layout_basic, pdpol_wu_jian_five_deadly_venoms,
          hangedman_decor_slide_cut, uniq_psyche, uniq_joseph, uniq_grum

Skill      XL: |  1  2  3  4  5  6  7  8  9 |
---------------+----------------------------+-----
Unarmed Combat | 4 5 6 7 9 |  9.0
Slings         | 2 6 9 |  9.9
Evocations     | 2 |  2.7
Fighting       | 3 |  3.0
Dodging        | |  1.7
Spellcasting   | |  2.0
Transmutations | |  2.0

Action                   |  1- 3 |  4- 6 |  7- 9 || total
-------------------------+-------+-------+-------++-------
Melee: Unarmed           |    68 |    77 |    82 ||   227
       Kick              |    10 |    22 |    20 ||    52
       Tailslap          |     3 |     6 |     6 ||    15
       Headbutt          |     6 |    14 |    12 ||    32
       Punch             |     2 |       |     4 ||     6
 Fire: Hunting sling     |     3 |    79 |   192 ||   274
Throw: Dart              |       |     3 |     4 ||     7
       Throwing net      |       |       |     3 ||     3
 Cast: Beastly Appendage |    16 |    34 |    20 ||    70
       Wereblood         |     2 |     8 |    10 ||    20
Invok: Ancestor Life: He |     1 |       |       ||     1
Evoke: Wand              |       |     8 |     3 ||    11
  Use: Scroll            |       |     7 |     5 ||    12
       Potion            |       |     1 |       ||     1
 Stab: Sleeping          |     1 |       |       ||     1
       Confused          |     1 |       |     1 ||     2
       Held in net/web   |       |       |     1 ||     1
Armor: Skin              |    18 |    21 |    15 ||    54
Dodge: Dodged            |    35 |    43 |    38 ||   116

Table legend: (Time is in decaauts)
 A = Elapsed time spent in this place.
 B = Non-inter-level travel time spent in this place.
 C = Inter-level travel time spent in this place.
 D = Time resting spent in this place.
 E = Time spent auto-exploring this place.
 F = Levels seen in this place.
 G = Mean time per level.
                   A        B        C        D        E       F      G
               +--------+--------+--------+--------+--------+-----+--------+
         Total |   8032 |   7643 |    389 |      0 |   6630 |   8 | 1004.0 |
       Dungeon |   8032 |   7643 |    389 |      0 |   6630 |   8 | 1004.0 |
               +--------+--------+--------+--------+--------+-----+--------+

Top non-repeatable levels by time:
     D:3: 1370 daAuts
     D:4: 1330 daAuts
     D:6: 1134 daAuts
     D:5: 1104 daAuts
     D:7: 1036 daAuts
     D:2: 855 daAuts
     D:1: 837 daAuts
     D:8: 363 daAuts
